 Dungeon Crawl Stone Soup version 0.24.0-13-gcf9b319 (webtiles) character file.

Game seed: 6627190772169155099, levelgen mode: deterministic

28452 EndlessMike the Spear-Bearer (level 13, 101/101 HPs)
             Began as a Demonspawn Warper on Mar 25, 2020.
             Was an Initiate of Gozag.
             Got out of the dungeon alive.
             The game lasted 01:05:25 (13925 turns).

EndlessMike the Spear-Bearer (Demonspawn Warper)   Turns: 13925, Time: 01:05:26

Health: 101/101    AC: 16    Str:  7      XL:     13   Next: 9%
Magic:  16/16      EV: 11    Int: 24 (25) God:    Gozag
Gold:   2830       SH: 17    Dex: 22      Spells: 4/16 levels left

rFire    + + +     SeeInvis +   r - +9 lance "Wyrmbane" {slay drac, rPois rF+ rC+ AC+3}
rCold    + + +     Gourm    .   N - +5 buckler "Wogaugis" {rC++ Str-5 Dex+5}
rNeg     . . .     Faith    .   j - +0 ring mail
rPois    +         Spirit   .   (helmet restricted)
rElec    .         Reflect  +   b - +0 cloak {MR+}
rCorr    .         Harm     .   R - +1 pair of gloves {archery}
MR       ++...                  (no boots)
Stlth    +.........             F - +6 amulet of reflection
HPRegen  0.26/turn              O - ring of see invisible
MPRegen  0.15/turn              e - ring "Rafrea" {Int+7 Dex+5}

@: no status effects
A: horns 2, molten scales 1, blink, demonic guardian 2, deterioration 1, fire
resistance 2, foul stench 2, magic resistance 1, weak 1, rot immunity
a: Blink, Potion Petition, Call Merchant, Bribe Branch, Renounce Religion


You escaped.
You worshipped Gozag.
Gozag was most pleased with you.
You were not hungry.

You visited 3 branches of the dungeon, and saw 15 of its levels.
You also visited: Gauntlet.

You collected 4151 gold pieces.
You spent 753 gold pieces at shops.
You paid 568 gold pieces to Gozag.

Inventory:

Hand Weapons
 r - the +9 lance "Wyrmbane" (weapon) {slay drac, rPois rF+ rC+ AC+3}
   (You found it on level 5 of the Dungeon)

   It affects your AC (+3).
   It protects you from fire.
   It protects you from cold.
   It protects you from poison.
Missiles
 i - 18 javelins (quivered)
 B - 38 boomerangs
Armour
 b - a +0 cloak of magic resistance (worn)
 j - a +0 ring mail (worn)
 H - a +2 buckler
 N - the +5 buckler "Wogaugis" (worn) {rC++ Str-5 Dex+5}
   (You bought it in a shop on level 8 of the Dungeon)

   It affects your strength (-5).
   It affects your dexterity (+5).
   It greatly protects you from cold.
 R - a +1 pair of gloves of archery (worn)
Jewellery
 e - the ring "Rafrea" (right hand) {Int+7 Dex+5}
   (You found it on level 9 of the Dungeon)

   [ring of dexterity]

   It affects your intelligence (+7).
   It affects your dexterity (+5).
 m - an uncursed ring of resist corrosion
 o - an uncursed ring of magical power
 q - an uncursed ring of fire
 v - the ring "Keatot" {*Tele rPois SInv}
   (You took it off an orc on level 2 of the Orcish Mines)

   [ring of teleportation]

   It may teleport you next to monsters.
   It protects you from poison.
   It lets you see invisible.
 w - an uncursed ring of fire
 x - a +3 ring of dexterity
 y - an uncursed amulet of regeneration
 A - an uncursed ring of magical power
 F - a +6 amulet of reflection (around neck)
 O - a ring of see invisible (left hand)
 P - a cursed -5 ring of slaying {unknown}
 S - the amulet of Omin {Faith rPois}
   (You found it in a Gauntlet)

   [amulet of faith]

   It allows you to gain divine favour quickly.
   It protects you from poison.
Wands
 g - a wand of digging (12)
 E - a wand of iceblast (7)
 J - a wand of disintegration (12)
 K - a wand of acid (1)
 M - a wand of scattershot (1)
 Q - a wand of paralysis (8)
Scrolls
 a - 6 scrolls of remove curse
 c - 5 scrolls of identify
 d - 2 scrolls of blinking
 h - 5 scrolls of teleportation
 l - a scroll of noise
 n - 3 scrolls of enchant weapon
 p - 3 scrolls of amnesia
 C - a scroll of fear
 G - a scroll of silence
 L - a scroll of magic mapping
Potions
 k - 8 potions of curing
 s - 2 potions of magic
 t - 3 potions of lignification
 u - 2 potions of might
 z - 2 potions of agility
 D - a potion of cancellation {unknown}
 I - 3 potions of brilliance
Comestibles
 f - 21 rations


   Skills:
 + Level 9.0 Fighting
 - Level 13.4 Polearms
 - Level 0.8 Throwing
 + Level 10.7 Armour
 - Level 1.7 Dodging
 - Level 5.0 Shields
 - Level 2.0 Spellcasting
 - Level 6.6 Translocations


You had 4 spell levels left.
You knew the following spells:

 Your Spells              Type           Power        Failure   Level  Hunger
a - Teleport Other        Tloc           ####....     6%          3    ###....
b - Blink                 Tloc           N/A          3%          2    ##.....
c - Lesser Beckoning      Tloc           ####......   6%          3    ###....
d - Gell's Gravitas       Tloc           ####......   6%          3    ###....
e - Apportation           Tloc           ####..       1%          1    #......

Your spell library contained the following spells:

 Spells                   Type           Power        Failure   Level  Hunger
 Shroud of Golubria       Chrm/Tloc      ###...       12%         2    ##.....
 Passage of Golubria      Tloc           N/A          21%         4    #####..
 Animate Skeleton         Necr           N/A          30%         1    #......
 Confusing Touch          Hex            #.....       30%         1    #......
 Corona                   Hex            #......      30%         1    #......
 Sandblast                Erth           #.....       30%         1    #......
 Summon Butterflies       Summ           #.......     30%         1    #......
 Summon Small Mammal      Summ           #...         30%         1    #......
 Ensorcelled Hibernation  Hex/Ice        #.....       43%         2    ##.....
 Passwall                 Tmut/Erth      #.......     43%         2    ##.....
 Confuse                  Hex            #.......     67%         3    ###....
 Dazzling Spray           Conj/Hex       #.....       67%         3    ###....
 Ignite Poison            Fire/Tmut/Pois #.......     67%         3    ###....
 Stone Arrow              Conj/Erth      #.....       67%         3    ###....
 Tukima's Dance           Hex            #.......     67%         3    ###....
 Petrify                  Tmut/Erth      #.......     97%         4    #####..
 Alistair's Intoxication  Tmut/Pois      #.......     100%        5    ######.
 Fireball                 Conj/Fire      #.........   100%        5    ######.
 Lee's Rapid Deconstruct  Erth           #.........   100%        5    ######.
 Bolt of Fire             Conj/Fire      #.........   100%        6    #######
 Invisibility             Hex            #.......     100%        6    #######
 Ring of Flames           Chrm/Fire      #.........   100%        7    #######
 Ignition                 Fire           #.........   100%        8    #######


Dungeon Overview and Level Annotations

Branches:
Dungeon (12/15)            Temple (1/1) D:5            Lair (0/6) D:9
    Orc (2/2) D:11            Elf (0/3) Orc:2       Gauntlet (visited)

Altars:
Ashenzari
Cheibriados
Dithmenos
Elyvilon
Fedhas
Gozag
Hepliaklqana
Kikubaaqudgha
Makhleb
Nemelex Xobeh
Okawaru
Qazlal
Ru
Sif Muna
Trog
Uskayaw
Vehumet
Wu Jian
Xom
Yredelemnul
Zin
The Shining One
Beogh

Shops:
D:4 ?   D:8 ?=[!   D:11 =   Orc:2 %%(*


Innate Abilities, Weirdness & Mutations

You have a pair of horns on your head.
You are partially covered in molten scales. (AC +2)
A demonic guardian rushes to your aid.
You frequently emit foul miasma when damaged in melee.
You are immune to rotting.
You can translocate small distances at will.
Your body sometimes deteriorates upon taking damage.
Your flesh is very heat resistant. (rF++)
You are resistant to hostile enchantments. (MR+)
You are weak. (Str -2)


Message History

You see here a rapier.
There is a stone staircase leading up here.
You climb upwards.
There is a stone staircase leading down here.
There is a stone staircase leading up here.
You climb upwards.
There is a stone staircase leading down here.
You see here a +0 dagger.
There is a stone staircase leading up here.
You climb upwards.
There is a stone staircase leading down here.
There is an open door here.
There is an open door here.
There is an open door here.
You see here a robe.
The goblin shouts!
There is a staircase leading out of the dungeon here.
You can't go down here!
Are you sure you want to leave the Dungeon?
This will make you lose the game!
You have escaped!

## #.
########## #.
#@.......# #.
#.######.# #.
#####.#....#.##
#.
#...#.#).s.#..#
##'
##..#.#>gg.#..#
#..
#..#.#....#..#
#..
##†.#.######..#
###..
#...#.........#
#....
##..####.....##
#....


There were no monsters in sight!

Vanquished Creatures
  A minotaur (Gauntlet)
  Erolcha (D:11)
  The ghost of oldmanjim the Severer, a journeyman HOMo of Okawaru (Orc:2)
  4 two-headed ogres
  5 orc high priests (Orc:2)
  A wretched star (Gauntlet)
  An unseen horror (D:11)
  9 orc knights (Orc:2)
  A cyclops (Orc:2)
  A gargoyle (D:11)
  3 trolls
  2 hippogriffs (D:11)
  2 centaur simulacra (Gauntlet)
  A wyvern (D:8)
  A wraith (D:11)
  5 yaks
  2 hungry ghosts
  A steam dragon (D:10)
  A neqoxec (Gauntlet)
  3 wargs
  A water moccasin (D:5)
  A small abomination (Gauntlet)
  2 porcupines (D:9)
  33 orc warriors
  3 ice beasts
  A meliai simulacrum (Gauntlet)
  A sky beast (D:6)
  2 phantoms
  4 black bears
  An ice dragon simulacrum (Gauntlet)
  2 necrophages
  10 ogres
  9 centaurs
  A crocodile (D:9)
  2 big kobolds
  13 bullfrogs
  2 gnoll sergeants
  A wyvern skeleton (D:9)
  3 scorpions
  2 howler monkeys
  3 wights (D:11)
  2 crimson imps (D:7)
  A bullfrog zombie (D:10)
  4 hounds
  27 orc priests
  2 bullfrog skeletons
  An iron imp (D:6)
  4 iguanas
  7 orc wizards
  7 worker ants
  A howler monkey zombie (D:9)
  5 gnolls
  15 adders
  A shadow imp (D:7)
  2 oozes
  2 adder skeletons
  2 worms (D:2)
  A dart slug (D:1)
  6 leopard geckos
  71 orcs
  4 giant cockroaches
  3 goblins
  7 hobgoblins
  6 jackals
  3 quokkas
  6 bats
  10 frilled lizards
  18 kobolds
  A leopard gecko skeleton (D:4)
  A quokka skeleton (D:4)
  6 rats
369 creatures vanquished.

Vanquished Creatures (collateral kills)
  An orc warlord (Orc:2)
  A two-headed ogre (D:11)
  An orc high priest (Orc:2)
  2 orc knights
  An ugly thing (D:11)
  A cyclops (Orc:2)
  A troll (Orc:2)
  A porcupine (D:9)
  7 orc warriors
  4 ogres
  A centaur (D:11)
  A bullfrog (D:9)
  A bullfrog zombie (D:11)
  An orc priest (Orc:2)
  A hound (D:3)
  2 orc wizards
  A gnoll (D:11)
  A shadow imp (D:5)
  A leopard gecko (D:7)
  19 orcs
49 creatures vanquished.

Vanquished Creatures (others)
  An orc (D:11)
  13 fungi (D:9)
  2 plants (D:9)
16 creatures vanquished.

Grand Total: 434 creatures vanquished

Notes
Turn   | Place    | Note
-------+----------+-------------------------------------------
     0 | D:1      | EndlessMike the Demonspawn Warper began the quest for the
                  | Orb.
     0 | D:1      | Reached XP level 1. HP: 16/16 MP: 3/3
    14 | D:1      | Noticed a centaur
    50 | D:1      | Reached skill level 2 in Polearms
   123 | D:1      | Gained mutation: A weak demonic guardian rushes to your
                  | aid. [demonic ancestry]
   123 | D:1      | Reached XP level 2. HP: 17/22 MP: 5/5
   789 | D:1      | Gained mutation: You have a pair of small horns on your
                  | head. [demonic ancestry]
   789 | D:1      | Reached XP level 3. HP: 15/28 MP: 6/6
   983 | D:2      | Reached skill level 3 in Polearms
  1372 | D:2      | Reached skill level 1 in Armour
  1616 | D:3      | Found a sparkling altar of Nemelex Xobeh.
  1617 | D:3      | Found an opulent altar of Gozag.
  1702 | D:3      | Gained mutation: You are partially covered in molten
                  | scales. (AC +2) [demonic ancestry]
  1702 | D:3      | Reached XP level 4. HP: 34/34 MP: 7/7
  1806 | D:3      | Found a basalt altar of Yredelemnul.
  1947 | D:3      | Found a burning altar of Makhleb.
  2083 | D:4      | Found Jezag's Magic Scroll Emporium.
  2107 | D:4      | Bought a scroll of identify for 24 gold pieces
  2107 | D:4      | Bought a scroll of enchant weapon for 90 gold pieces
  2107 | D:4      | Bought a scroll of amnesia for 42 gold pieces
  2107 | D:4      | Bought a scroll of teleportation for 36 gold pieces
  2107 | D:4      | Bought a scroll of remove curse for 36 gold pieces
  2107 | D:4      | Bought a scroll of identify for 24 gold pieces
  2107 | D:4      | Bought a scroll of identify for 24 gold pieces
  2119 | D:4      | Noticed an ogre
  2127 | D:4      | Killed an ogre
  2127 | D:4      | Reached skill level 4 in Polearms
  2127 | D:4      | Gained mutation: You have a pair of horns on your head.
                  | [demonic ancestry]
  2127 | D:4      | Reached XP level 5. HP: 27/39 MP: 8/8
  2371 | D:4      | Learned a level 2 spell: Blink
  2532 | D:4      | Reached XP level 6. HP: 23/46 MP: 9/9
  2799 | D:5      | Entered Level 5 of the Dungeon
  2819 | D:5      | Reached skill level 5 in Polearms
  2915 | D:5      | Gained mutation: You are immune to rotting. [demonic
                  | ancestry]
  2915 | D:5      | Reached XP level 7. HP: 50/51 MP: 10/10
  2996 | D:5      | Found a staircase to the Ecumenical Temple.
  3007 | Temple   | Entered the Ecumenical Temple
  3262 | D:5      | Reached skill level 6 in Polearms
  3393 | D:5      | Found a stormy altar of Qazlal.
  3393 | D:5      | Found a sacrificial altar of Ru.
  3461 | D:5      | Found the +8 lance "Wyrmbane" {slay drac, rPois rF+ rC+
                  | AC+3}
  3480 | D:5      | Found a glowing golden altar of the Shining One.
  3659 | D:3      | Became a worshipper of Gozag Ym Sagoz the Greedy
  3732 | D:6      | Reached skill level 7 in Polearms
  3801 | D:6      | Gained mutation: You may emit foul miasma when damaged in
                  | melee. [demonic ancestry]
  3801 | D:6      | Reached XP level 8. HP: 57/57 MP: 11/11
  3903 | D:6      | Found a snail-covered altar of Cheibriados.
  3906 | D:6      | Reached skill level 5 in Armour
  3931 | D:6      | You fall into a shaft and drop 1 floor!
  3945 | D:7      | Reached skill level 8 in Polearms
  4221 | D:7      | Found a hide-covered altar of Uskayaw.
  4221 | D:7      | Found a shadowy altar of Dithmenos.
  4222 | D:7      | Found an iron altar of Okawaru.
  4234 | D:7      | Found a shimmering blue altar of Sif Muna.
  4366 | D:7      | Reached skill level 9 in Polearms
  4366 | D:7      | Reached XP level 9. HP: 62/62 MP: 12/12
  4592 | D:7      | Learned a level 3 spell: Teleport Other
  4596 | D:7      | Learned a level 3 spell: Lesser Beckoning
  4847 | D:8      | Found Xaliap's Jewellery Emporium.
  4937 | D:8      | Found Ameutoas's Antique Armour Shop.
  5117 | D:8      | Found Apupsal's Distillery.
  5123 | D:8      | Bought a potion of lignification for 33 gold pieces
  5123 | D:8      | Bought a potion of mutation for 88 gold pieces
  5123 | D:8      | Bought a potion of heal wounds for 55 gold pieces
  5123 | D:8      | Gained mutation: You are resistant to hostile enchantments.
                  | (MR+) [potion of mutation]
  5123 | D:8      | Gained mutation: Your flesh is heat resistant. (rF+)
                  | [potion of mutation]
  5123 | D:8      | Gained mutation: Your body sometimes deteriorates upon
                  | taking damage. [potion of mutation]
  5123 | D:8      | Gained mutation: Your flesh is very heat resistant. (rF++)
                  | [potion of mutation]
  5227 | D:8      | Found Etwinum's Magic Scroll Boutique.
  5462 | D:9      | Noticed a two-headed ogre
  5488 | D:8      | Killed a two-headed ogre
  5488 | D:8      | Reached skill level 10 in Polearms
  5524 | D:9      | Got a smoking pewter ring
  5526 | D:9      | Identified the ring "Rafrea" {Int+7 Dex+5} (You found it on
                  | level 9 of the Dungeon)
  5585 | D:9      | Learned a level 3 spell: Gell's Gravitas
  5666 | D:9      | Reached skill level 5 in Translocations
  5672 | D:9      | Found a staircase to the Lair.
  5725 | D:9      | Gained mutation: You frequently emit foul miasma when
                  | damaged in melee. [demonic ancestry]
  5725 | D:9      | Reached XP level 10. HP: 40/68 MP: 10/13
  5903 | D:9      | Reached skill level 11 in Polearms
  6002 | D:9      | Found a white marble altar of Elyvilon.
  6392 | D:10     | Entered Level 10 of the Dungeon
  6430 | D:10     | Noticed a two-headed ogre
  6443 | D:10     | Killed a two-headed ogre
  6781 | D:10     | Noticed a two-headed ogre
  6800 | D:10     | Killed a two-headed ogre
  6800 | D:10     | Reached skill level 12 in Polearms
  6800 | D:10     | Reached skill level 1 in Shields
  6928 | D:11     | Noticed a two-headed ogre
  6939 | D:10     | Killed a two-headed ogre
  6947 | D:11     | Noticed a gargoyle
  6950 | D:11     | Noticed Erolcha
  7139 | D:11     | Gained mutation: A demonic guardian rushes to your aid.
                  | [demonic ancestry]
  7139 | D:11     | Reached XP level 11. HP: 61/74 MP: 5/14
  7311 | D:11     | Killed Erolcha
  7334 | D:11     | Noticed a two-headed ogre
  7348 | D:11     | Killed a two-headed ogre
  7368 | D:11     | Killed an unseen horror
  7546 | D:11     | Learned a level 1 spell: Apportation
  7588 | D:11     | Found a staircase to the Orcish Mines.
  7663 | D:11     | Reached skill level 13 in Polearms
  7880 | D:11     | Noticed a green ugly thing
  7899 | D:11     | Killed a green ugly thing
  8464 | Orc:1    | Entered Level 1 of the Orcish Mines
  8729 | Orc:1    | Found a roughly hewn altar of Beogh.
  8810 | Orc:1    | Noticed an orc knight
  8827 | Orc:1    | Killed an orc knight
  9016 | Orc:2    | Entered Level 2 of the Orcish Mines
  9074 | Orc:2    | Noticed an orc knight
  9080 | Orc:2    | Found a runed translucent gate.
  9170 | Orc:2    | Found a runed translucent gate.
  9170 | Orc:2    | Found a runed translucent gate.
  9170 | Orc:2    | Noticed an orc knight
  9174 | Orc:2    | Noticed oldmanjim's ghost (journeyman HOMo)
  9182 | Orc:2    | Killed an orc knight
  9223 | Orc:2    | Identified the ring "Keatot" {*Tele rPois SInv}
  9223 | Orc:2    | Noticed an orc high priest
  9223 | Orc:2    | Noticed an orc knight
  9226 | Orc:2    | Identified the +0 chain mail "Seucujes" {rC+ rCorr Str+3}
  9226 | Orc:2    | Noticed an orc warlord
  9232 | Orc:2    | Noticed an orc knight
  9240 | Orc:2    | Found a roughly hewn altar of Beogh.
  9243 | Orc:2    | Found a roughly hewn altar of Beogh.
  9291 | Orc:2    | Reached skill level 5 in Shields
  9642 | Orc:2    | Found an iron altar of Okawaru.
  9986 | Orc:2    | Reached XP level 12. HP: 37/83 MP: 5/15
 10388 | Orc:2    | Noticed an orc high priest
 10404 | Orc:2    | Killed an orc high priest
 10434 | Orc:2    | Noticed an orc high priest
 10443 | Orc:2    | Noticed an orc high priest
 10450 | Orc:2    | Reached skill level 5 in Fighting
 10455 | Orc:2    | Noticed an orc high priest
 10466 | Orc:2    | Noticed an orc high priest
 10470 | Orc:2    | Killed an orc high priest
 10575 | Orc:2    | Found a staircase to the Elven Halls.
 10866 | Orc:2    | Killed an orc high priest
 10897 | Orc:2    | Killed an orc high priest
 11275 | Orc:2    | Killed an orc high priest
 11667 | Orc:2    | Found Qouleim's Food Emporium.
 11667 | Orc:2    | Found Vulunedd's Food Emporium.
 11668 | Orc:2    | Found Omeyhe Oliph's Assorted Antiques.
 11668 | Orc:2    | Found Wuusch's Antique Weapon Shoppe.
 11676 | Orc:2    | Bought a scroll labeled FEL NAXYEFE for 32 gold pieces
 11676 | Orc:2    | Bought a scroll labeled ZIAXAG LAMIXKU for 32 gold pieces
 11972 | Orc:2    | HP: 2/91 [orc knight/+0 glaive (18)]
 12256 | Orc:2    | Reached skill level 10 in Armour
 12266 | Orc:2    | Killed oldmanjim's ghost
 12270 | Orc:2    | Killed an orc warlord
 12815 | Orc:2    | Killed an orc high priest
 12961 | D:8      | Bought a twisted buckler for 237 gold pieces
 12971 | D:8      | Identified the +5 buckler "Wogaugis" {rC++ Str-5 Dex+5}
                  | (You bought it in a shop on level 8 of the Dungeon)
 13096 | D:12     | Found a gate leading to a gauntlet.
 13100 | Gauntlet | Entered a Gauntlet
 13100 | Gauntlet | Found a transporter.
 13102 | Gauntlet | Noticed a reaper
 13104 | Gauntlet | Found a runed translucent gate.
 13105 | Gauntlet | Found a transporter.
 13105 | Gauntlet | Found a runed translucent gate.
 13106 | Gauntlet | Found a runed translucent gate.
 13107 | Gauntlet | Found a transporter.
 13111 | Gauntlet | Found a transporter.
 13112 | Gauntlet | Found a transporter.
 13114 | Gauntlet | Found a transporter.
 13121 | Gauntlet | Found a transporter.
 13122 | Gauntlet | Found a transporter.
 13148 | Gauntlet | Found a transporter.
 13151 | Gauntlet | Noticed a death scarab
 13152 | Gauntlet | Noticed a death scarab
 13166 | Gauntlet | Found a transporter.
 13170 | Gauntlet | Found a transporter.
 13178 | Gauntlet | Found a transporter.
 13315 | Gauntlet | Reached XP level 13. HP: 61/99 MP: 16/16
 13382 | Gauntlet | Lost mutation: You are resistant to hostile enchantments.
                  | (MR+) [potion of mutation]
 13382 | Gauntlet | Gained mutation: You are weak. (Str -2) [potion of
                  | mutation]
 13382 | Gauntlet | Gained mutation: You are resistant to hostile enchantments.
                  | (MR+) [potion of mutation]
 13382 | Gauntlet | Gained mutation: You can translocate small distances at
                  | will. [potion of mutation]
 13562 | Gauntlet | Noticed a minotaur
 13592 | Gauntlet | Killed a minotaur
 13621 | Gauntlet | Got a translucent silver amulet
 13624 | Gauntlet | Identified the amulet of Omin {Faith rPois} (You found it
                  | in a Gauntlet)
 13925 | D:$      | Got out of the dungeon alive.

Levels and vault maps discovered:
D:1:      evilmike_arrival_come_back, layout_basic
D:2:      layout_rooms
D:3:      layout_rooms, grunt_temple_overflow_opulence,
          makhleb_blood_cavern_becter, nicolae_overflow_crystal_walls
D:4:      layout_loops_ring, serial_shops, shop_coins
D:5:      layout_rooms, nicolae_tso_swordbearing_angel,
          gammafunk_temple_overflow_wave, minmay_temple_entry_offerings,
          first_ration
D:6:      layout_loops_ring, slow_altar_1
D:7:      layout_loops_ring, nicolae_overflow_quartered_altars
D:8:      layout_loops_ring, serial_shops, nicolae_shop_stone, shop_fountains,
          nicolae_shop_behind_doors, shop, grunt_ogre_cave
D:9:      layout_loops_ring, lemuel_crystal_altar, due_lair_maze_entry_diamond
D:10:     layout_basic
D:11:     layout_basic, hiddenorc1_lemuel, uniq_erolcha
D:12:     layout_basic, gauntlet_entry_generic, uniq_snorg, uniq_frances
Temple:   compressed_dpeg_triangle_lava_temple
Orc:1:    layout_caves, basic_altar
Orc:2:    st_orc_pillars, layout_diamond_mine, biasface_ghost_orc_armoury,
          basic_altar, okawaru_metal_pillars_1_2

Skill      XL: |  1  2  3  4  5  6  7  8  9 10 11 12 13 |
---------------+----------------------------------------+-----
Polearms       | 2 3 4 5 7 9 10 12 13 | 13.4
Armour         | 1 2 3 4 5 6 8 10 | 10.7
Translocations | 3 5 6 |  6.6
Shields        | 2 5 |  5.0
Fighting       | 4 8 9 |  9.0
Throwing       | |  0.8
Dodging        | |  1.7
Spellcasting   | |  2.0

Action                   |  1- 3 |  4- 6 |  7- 9 | 10-12 | 13-15 || total
-------------------------+-------+-------+-------+-------+-------++-------
Melee: Spear             |   103 |    97 |    65 |       |       ||   265
       Headbutt          |     4 |    12 |    41 |   129 |    11 ||   197
       Lance             |       |       |   230 |   800 |    62 ||  1092
Throw: Boomerang         |       |     1 |     4 |     7 |       ||    12
       Javelin           |       |       |     2 |    10 |       ||    12
 Cast: Gell's Gravitas   |       |       |     2 |    40 |       ||    42
       Blink             |       |       |     2 |     5 |       ||     7
       Lesser Beckoning  |       |       |       |     2 |       ||     2
Invok: Call Merchant     |       |       |       |     1 |       ||     1
       Potion Petition   |       |       |       |     1 |       ||     1
Evoke: Wand              |       |       |       |    11 |       ||    11
  Use: Scroll            |       |     2 |     5 |    13 |     1 ||    21
       Potion            |       |       |     1 |     7 |     2 ||    10
 Stab: Distracted        |       |     1 |     3 |     7 |       ||    11
       Sleeping          |       |       |     1 |     1 |       ||     2
  Eat: Chunk             |     2 |     4 |     3 |       |       ||     9
       Ration            |       |       |     2 |     9 |     1 ||    12
Armor: Leather armour    |    39 |     3 |       |       |       ||    42
       Ring mail         |       |    15 |    60 |    59 |     7 ||   141
Dodge: Dodged            |    81 |    28 |    96 |   104 |     6 ||   315
Block: Other             |       |       |     5 |     4 |       ||     9
       Reflection        |       |       |     1 |    22 |       ||    23
       Buckler           |       |       |       |   202 |    18 ||   220
